 Dungeon Sprint DCSS version 0.23-a0-582-g1b4a0ca (webtiles) character file.

1222 Ghella the Blocker (level 8, -8/72 HPs)
             Began as a Formicid Fighter on Dec 17, 2018.
             Was a Follower of Qazlal.
             Mangled by a demonic crawler (9 damage)
             ... in the Dungeon (Sprint I: "Red Sonja").
             The game lasted 00:04:30 (1256 turns).

Ghella the Blocker (Formicid Fighter)               Turns: 1256, Time: 00:04:32

Health: -8/72      AC:  9    Str: 22    XL:     8   Next: 75%
Magic:  8/8        EV: 10    Int:  9    God:    Qazlal [*.....]
Gold:   245        SH: 14    Dex: 10    Spells: 7/7 levels left

rFire    . . .     SeeInvis +   a - +0 war axe
rCold    . . .     Gourm    .   c - +0 shield
rNeg     + . .     Faith    .   l - +2 ring mail {rN+}
rPois    .         Spirit   .   (helmet unavailable)
rElec    .         Reflect  .   (no cloak)
rCorr    .         Harm     .   (no gloves)
MR       .....                  (no boots)
Stlth    ..........             (no amulet)
HPRegen  0.22/turn              (no ring)
MPRegen  0.11/turn              (no ring)

@: no status effects
A: permanent stasis, dig shafts and tunnels, four strong arms, antennae 3
a: Dig, Renounce Religion


You were in the Dungeon.
You worshipped Qazlal.
Qazlal was aware of your devotion.
You were not hungry.

You visited 1 branch You collected 405 gold pieces.
You spent 160 gold pieces at shops.

Inventory:

Hand Weapons
 a - a +0 war axe (weapon)
Armour
 b - a +0 scale mail
 c - a +0 shield (worn)
 l - a +2 ring mail of positive energy (worn)
Wands
 m - a wand of disintegration (12)
Scrolls
 d - a scroll of immolation {unknown}
 k - a scroll of blinking
Potions
 h - a potion of haste
 i - 2 potions of magic
 j - a potion of berserk rage


   Skills:
 + Level 9.9 Fighting
 + Level 10.6 Axes
 + Level 9.7 Armour
 + Level 11.4 Shields


You had 7 spell levels left.
You didn't know any spells.
Your spell library was empty.

Dungeon Overview and Level Annotations

Branches:
Dungeon (1/1)

Altars:
Cheibriados
Dithmenos
Elyvilon
Fedhas
Gozag
Hepliaklqana
Kikubaaqudgha
Makhleb
Nemelex Xobeh
Okawaru
Qazlal
Ru
Sif Muna
Trog
Uskayaw
Vehumet
Wu Jian
Xom
Yredelemnul
Zin
The Shining One
Jiyva
Lugonu

Shops:
D }


Innate Abilities, Weirdness & Mutations

You cannot be hasted, slowed, berserked, paralysed or teleported.
You can dig through walls and to a lower floor.
Your four strong arms can wield two-handed weapons with a shield.
You have a pair of large antennae on your head. (SInv)


Message History

* * * LOW HITPOINT WARNING * * *
The demonic crawler hits you!
* * * LOW HITPOINT WARNING * * *
The demonic crawler hits you but does no damage. x2
You block the demonic crawler's attack.
You feel better. The demonic crawler hits you.
* * * LOW HITPOINT WARNING * * *
You block the demonic crawler's attack. x2
You slash the demonic crawler!
The demonic crawler is lightly wounded.
The demonic crawler hits you but does no damage.
The demonic crawler closely misses you. You block the demonic crawler's attack.
You hit the demonic crawler.
The demonic crawler is lightly wounded.
The demonic crawler hits you.
* * * LOW HITPOINT WARNING * * *
The demonic crawler hits you.
* * * LOW HITPOINT WARNING * * *
You block the demonic crawler's attack. The demonic crawler hits you!
You die...

#########################
<.#..').#..)..#_s#s.'...#
..').#..').#..'^@ss.#)..##+#
..#####'#####'#__####...'..#
..####..#...#.#### #####..+
..#__####..##[# { ##
..#_____##'#_.+ {
⌠⌠#_.∩...'..._# {
###_..__##_.#+# {
#_____###+# { #######


You could see 4 demonic crawlers.

Vanquished Creatures
  2 kobold demonologists (D)
  A slime creature (D)
  Sigmund (D)
  A yak (D)
  A floating eye (D)
  An ogre (D)
  A jelly (D)
  Ijyb (D)
9 creatures vanquished.

Vanquished Creatures (others)
  2 hornets (D)
2 creatures vanquished.

Grand Total: 11 creatures vanquished

Notes
Turn   | Place    | Note
-------+----------+-------------------------------------------
     0 | D        | Ghella the Formicid Fighter began the quest for the Orb.
     0 | D        | Reached XP level 1. HP: 18/18 MP: 1/1
     1 | D        | Noticed Ijyb
    20 | D        | Killed Ijyb
    20 | D        | Reached skill level 5 in Shields
    20 | D        | Reached XP level 2. HP: 21/26 MP: 2/2
    20 | D        | Reached XP level 3. HP: 25/31 MP: 3/3
   242 | D        | Noticed an ogre
   248 | D        | Killed an ogre
   248 | D        | Reached skill level 5 in Fighting
   248 | D        | Reached skill level 5 in Armour
   248 | D        | Reached skill level 6 in Shields
   248 | D        | Reached XP level 4. HP: 40/40 MP: 4/4
   248 | D        | Reached XP level 5. HP: 46/46 MP: 5/5
   358 | D        | Noticed Sigmund
   362 | D        | Killed Sigmund
   362 | D        | Reached skill level 8 in Shields
   362 | D        | Reached XP level 6. HP: 55/55 MP: 6/6
   376 | D        | Found a burning altar of Makhleb.
   376 | D        | Found a viscous altar of Jiyva.
   376 | D        | Found a shimmering altar of Xom.
   376 | D        | Found a corrupted altar of Lugonu.
   376 | D        | Noticed a slime creature
   385 | D        | Killed a slime creature
   385 | D        | Reached skill level 9 in Shields
   385 | D        | Reached XP level 7. HP: 20/63 MP: 7/7
   737 | D        | Found an ornate altar of the Wu Jian Council.
   737 | D        | Found a deep blue altar of Sif Muna.
   739 | D        | Found a radiant altar of Vehumet.
   843 | D        | Found Kuaroha's Gadget Emporium.
   843 | D        | Found an ancient bone altar of Kikubaaqudgha.
   843 | D        | Found a hazy altar of Hepliaklqana.
   843 | D        | Found a stormy altar of Qazlal.
   843 | D        | Found a hide-covered altar of Uskayaw.
   843 | D        | Found a blossoming altar of Fedhas.
   843 | D        | Found a bloodstained altar of Trog.
   843 | D        | Found an iron altar of Okawaru.
   843 | D        | Found a basalt altar of Yredelemnul.
   843 | D        | Found a glowing golden altar of the Shining One.
   843 | D        | Found a snail-covered altar of Cheibriados.
   843 | D        | Found a sacrificial altar of Ru.
   843 | D        | Found a glowing silver altar of Zin.
   843 | D        | Found a shadowy altar of Dithmenos.
   843 | D        | Found a white marble altar of Elyvilon.
   843 | D        | Noticed a yak
   855 | D        | Killed a yak
   855 | D        | Reached skill level 10 in Shields
   856 | D        | Found an opulent altar of Gozag.
   857 | D        | Found a sparkling altar of Nemelex Xobeh.
   865 | D        | Bought a wand of disintegration (12) for 160 gold pieces
   869 | D        | Became a worshipper of Qazlal Stormbringer
   930 | D        | Noticed a kobold demonologist
   930 | D        | Noticed a kobold demonologist
   935 | D        | Noticed a red devil
   942 | D        | Noticed a sun demon
   949 | D        | Killed a kobold demonologist
   949 | D        | Reached skill level 10 in Axes
   949 | D        | Reached XP level 8. HP: 28/71 MP: 8/8
   970 | D        | Killed a kobold demonologist
   970 | D        | Reached * piety under Qazlal
   970 | D        | Reached skill level 11 in Shields
  1111 | D        | Killed a hornet
  1203 | D        | Killed a hornet
  1239 | D        | Noticed a demonic crawler
  1239 | D        | Noticed a demonic crawler
  1239 | D        | Noticed a demonic crawler
  1239 | D        | Noticed a demonic crawler
  1256 | D        | HP: 1/72 [demonic crawler (6)]
  1256 | D        | Mangled by a demonic crawler

Vault maps used:
D:        dungeon_sprint_1

Skill      XL: |  1  2  3  4  5  6  7  8 |
---------------+-------------------------+-----
Fighting       | 4 5 7 8 9 |  9.9
Axes           | 3 4 6 7 10 | 10.6
Armour         | 4 5 7 8 9 |  9.7
Shields        | 5 6 8 9 10 11 | 11.4

Action                   |  1- 3 |  4- 6 |  7- 9 || total
-------------------------+-------+-------+-------++-------
Melee: War axe           |    23 |    10 |    45 ||    78
  Use: Potion            |       |     1 |     2 ||     3
  Eat: Ration            |       |       |     1 ||     1
Armor: Scale mail        |     7 |       |       ||     7
       Ring mail         |       |     2 |    32 ||    34
Dodge: Dodged            |     7 |     1 |    33 ||    41
Block: Shield            |    11 |     3 |    61 ||    75

Table legend:
 A = Non-vault XP
 B = Vault XP
 C = Vault XP percentage of total XP
 D = Non-vault monster count
 E = Vault monster count
 F = Vault count percentage of total count
                 A         B        C        D         E       F
            +---------+---------+-------+---------+---------+-------
      Total |       0 |    1746 | 100.0 |       0 |       9 | 100.0
            +---------+---------+-------+---------+---------+-------
          D |       0 |    1746 | 100.0 |       0 |       9 | 100.0
            +---------+---------+-------+---------+---------+-------
